TOP OF THE 1ST |
---|
Florida Gators batting - Pitching for North Carolina Tar Heels : RHP Randolph Patterson | Pitching: RHP Randolph Patterson | | Batting: RHB Miguel Jaramillo | 0-0: Ball 1-0: Called Strike 1-1: Foul Ball, location: 2F 1-2: Foul Ball, location: 2F 1-2: Strikes out swinging | Batting: RHB Dwayne Dickey | 0-0: Foul Ball, location: 2F 0-1: Swinging Strike 0-2: Strikes out looking | Batting: LHB Juan Salas | 0-0: Ball 1-0: Called Strike 1-1: Ball 2-1: Ball 3-1: Called Strike 3-2: Ground out 2-3 (Groundball, 2L) | Top of the 1st over - 0 runs, 0 hits, 0 errors, 0 left on base; Florida 0 - North Carolina 0 | BOTTOM OF THE 1ST |
---|
North Carolina Tar Heels batting - Pitching for Florida Gators : RHP Robert Smith | Pitching: RHP Robert Smith | | Batting: RHB Marvin Montgomery | 0-0: Called Strike 0-1: Swinging Strike 0-2: Ball 1-2: Ball 2-2: Strikes out swinging | Batting: RHB Scotty Sherman | 0-0: Called Strike 0-1: Foul Ball, location: 2F 0-2: Fly out, F5 (Line Drive, 5L) | Batting: LHB Marvin Jones | 0-0: SINGLE (Flyball, 9LM) | Batting: LHB Timothy Pierce | 0-0: Called Strike 0-1: Swinging Strike 0-2: Ball 1-2: Strikes out swinging | Bottom of the 1st over - 0 runs, 1 hit, 0 errors, 1 left on base; Florida 0 - North Carolina 0 | TOP OF THE 2ND |
---|
Florida Gators batting - Pitching for North Carolina Tar Heels : RHP Randolph Patterson | Batting: RHB Ryan Huber | 0-0: Ball 1-0: Ball 2-0: Ball 3-0: Called Strike 3-1: Called Strike 3-2: Foul Ball, location: 2F 3-2: Base on Balls | Batting: RHB Tom Robinson | 0-0: Ball 1-0: 2-RUN HOME RUN (Flyball, 7D), Distance : 356 ft | Batting: LHB Chad Aguilar | 0-0: Called Strike 0-1: Ground out 4-3 (Groundball, 4) | Batting: LHB Daniel Brennan | 0-0: Foul Ball, location: 2F 0-1: Called Strike 0-2: DOUBLE (Line Drive, 9D) - OUT at third base trying to stretch hit. | Batting: RHB Fred Byrd | 0-0: Called Strike 0-1: Ball 1-1: SINGLE (Line Drive, 78M) | Batting: LHB Eddie Winters | 0-0: Called Strike 0-1: Called Strike 0-2: Strikes out swinging | Top of the 2nd over - 2 runs, 3 hits, 0 errors, 1 left on base; Florida 2 - North Carolina 0 | BOTTOM OF THE 2ND |
---|
North Carolina Tar Heels batting - Pitching for Florida Gators : RHP Robert Smith | Batting: LHB Stanley Woods | 0-0: Called Strike 0-1: Ball 1-1: Ball 2-1: Ground out 4-3 (Groundball, 4D) | Batting: RHB Howard Brown | 0-0: Ball 1-0: Ball 2-0: Ball 3-0: Base on Balls | Batting: LHB Alfonso Sánchez | 0-0: Ball 1-0: Ball 2-0: Ball 3-0: Called Strike 3-1: Base on Balls Howard Brown to second | Batting: RHB Shane Hunter | 0-0: Foul Ball, location: 2F 0-1: Fly out, F8 (Flyball, 89D) Runner from 2nd tags up, SAFE at 3rd, no throw | Batting: RHB James Shane | 0-0: Fly out, F3 (Popup, 3F) | Bottom of the 2nd over - 0 runs, 0 hits, 0 errors, 2 left on base; Florida 2 - North Carolina 0 | TOP OF THE 3RD |
---|
Florida Gators batting - Pitching for North Carolina Tar Heels : RHP Randolph Patterson | Batting: RHB Miguel Jaramillo | 0-0: Called Strike 0-1: Ball 1-1: Ball 2-1: Foul Ball, location: 2F 2-2: Fly out, F8 (Flyball, 8LD) | Batting: RHB Dwayne Dickey | 0-0: Called Strike 0-1: Ball 1-1: Swinging Strike 1-2: Foul Ball, location: 2F 1-2: Strikes out swinging | Batting: LHB Juan Salas | 0-0: Ball 1-0: Ball 2-0: Called Strike 2-1: SINGLE (Line Drive, 6M) | Batting: RHB Ryan Huber | 0-0: Ball 1-0: Called Strike 1-1: Ball 2-1: Foul Ball, location: 2F 2-2: Fly out, F5 (Popup, 5SF) | Top of the 3rd over - 0 runs, 1 hit, 0 errors, 1 left on base; Florida 2 - North Carolina 0 | BOTTOM OF THE 3RD |
---|
North Carolina Tar Heels batting - Pitching for Florida Gators : RHP Robert Smith | Batting: RHB Marvin Montgomery | 0-0: Called Strike 0-1: Called Strike 0-2: Ball 1-2: Foul Ball, location: 2F 1-2: Ball 2-2: Foul Ball, location: 2F 2-2: Ball 3-2: Base on Balls | Batting: RHB Scotty Sherman | 0-0: Ball Marvin Montgomery is caught stealing 2nd base 1-0: Ball 2-0: Reached on error, E6 (Groundball, 6) | Batting: LHB Marvin Jones | 0-0: Swinging Strike 0-1: Ball 1-1: SINGLE (Flyball, 7LM) Scotty Sherman to second | Batting: LHB Timothy Pierce | 0-0: Ball 1-0: Swinging Strike 1-1: Foul Ball, location: 2F 1-2: Ball 2-2: Fly out, F9 (Flyball, 89M) | Batting: LHB Stanley Woods | 0-0: Ball 1-0: Ball 2-0: Ball 3-0: Called Strike 3-1: Ground out 4-3 (Groundball, 34D) | Bottom of the 3rd over - 0 runs, 1 hit, 1 error, 2 left on base; Florida 2 - North Carolina 0 | TOP OF THE 4TH |
---|
Florida Gators batting - Pitching for North Carolina Tar Heels : RHP Randolph Patterson | Batting: RHB Tom Robinson | 0-0: Called Strike 0-1: Ground out 4-3 (Groundball, 4) | Batting: LHB Chad Aguilar | 0-0: Foul Ball, location: 2F 0-1: Called Strike 0-2: Foul Ball, location: 2F 0-2: Ball 1-2: Fly out, F8 (Flyball, 89D) | Batting: LHB Daniel Brennan | 0-0: Ball 1-0: SOLO HOME RUN (Flyball, 9LD), Distance : 323 ft | Batting: RHB Fred Byrd | 0-0: Called Strike 0-1: Ball 1-1: Foul Ball, location: 2F 1-2: Ball 2-2: Strikes out swinging | Top of the 4th over - 1 run, 1 hit, 0 errors, 0 left on base; Florida 3 - North Carolina 0 | BOTTOM OF THE 4TH |
---|
North Carolina Tar Heels batting - Pitching for Florida Gators : RHP Robert Smith | Batting: RHB Howard Brown | 0-0: SINGLE (Line Drive, 4MD) | Batting: LHB Alfonso Sánchez | 0-0: Swinging Strike 0-1: Foul Ball, location: 2F 0-2: Strikes out swinging | Batting: RHB Shane Hunter | 0-0: Called Strike 0-1: SINGLE (Line Drive, 9S) Howard Brown to second | Batting: RHB James Shane | 0-0: Ball 1-0: Ball 2-0: Called Strike 2-1: Ball 3-1: Foul Ball, location: 2F 3-2: Foul Ball, location: 2F 3-2: Reached via error on a dropped throw, E4 Howard Brown to third Shane Hunter to second | Batting: RHB Marvin Montgomery | 0-0: Ball 1-0: Ball 2-0: SINGLE (Line Drive, 7LM) Howard Brown scores Shane Hunter to third James Shane to second | Batting: RHB Scotty Sherman | 0-0: Ball 1-0: Swinging Strike 1-1: Foul Ball, location: 2F 1-2: Ball 2-2: Foul Ball, location: 2F 2-2: Foul Ball, location: 2F 2-2: SINGLE (Groundball, 34S) (infield hit) Shane Hunter scores James Shane to third Marvin Montgomery to second | Batting: LHB Marvin Jones | 0-0: Foul Ball, location: 2F 0-1: Ball 1-1: Ball 2-1: Reached on error, E4 (Groundball, 4) James Shane scores Marvin Montgomery to third Scotty Sherman to second | Pitching: RHP Mike Walker | | Batting: LHB Timothy Pierce | 0-0: Called Strike 0-1: Ball 1-1: Foul Ball, location: 2F 1-2: Foul Ball, location: 2F 1-2: Ball 2-2: Ball 3-2: SINGLE (Flyball, 89M) Marvin Montgomery scores Scotty Sherman to third Marvin Jones to second Runner from 3rd tries for Home, SAFE, no throw | Batting: LHB Stanley Woods | 0-0: Ball 1-0: SINGLE (Flyball, 89S) Marvin Jones to third Timothy Pierce to second Runner from 3rd tries for Home, SAFE, no throw | Batting: RHB Howard Brown | 0-0: Swinging Strike 0-1: Ball 1-1: Ball 2-1: Swinging Strike 2-2: Fly out, F9 (Flyball, 9LSF) | Batting: LHB Alfonso Sánchez | 0-0: Ball 1-0: Called Strike 1-1: Foul Ball, location: 2F 1-2: Strikes out looking | Bottom of the 4th over - 6 runs, 6 hits, 2 errors, 2 left on base; Florida 3 - North Carolina 6 | TOP OF THE 5TH |
---|
Florida Gators batting - Pitching for North Carolina Tar Heels : RHP Randolph Patterson | Batting: LHB Eddie Winters | 0-0: Swinging Strike 0-1: Ball 1-1: Ball 2-1: Foul Ball, location: 2F 2-2: Strikes out looking | Pitching: RHP Ryan Younger | | Batting: RHB Miguel Jaramillo | 0-0: Called Strike 0-1: Ball 1-1: Swinging Strike 1-2: Ball 2-2: Strikes out looking | Batting: RHB Dwayne Dickey | 0-0: Ball 1-0: Ball 2-0: Called Strike 2-1: Foul Ball, location: 2F 2-2: Ground out 5-3 (Groundball, 56) | Top of the 5th over - 0 runs, 0 hits, 0 errors, 0 left on base; Florida 3 - North Carolina 6 | BOTTOM OF THE 5TH |
---|
North Carolina Tar Heels batting - Pitching for Florida Gators : RHP Mike Walker | Batting: RHB Shane Hunter | 0-0: Ground out U3 (Groundball, 34) | Batting: RHB James Shane | 0-0: Ground out 4-3 (Groundball, 4) | Batting: RHB Marvin Montgomery | 0-0: Called Strike 0-1: Ball 1-1: Ball 2-1: Ball 3-1: Called Strike 3-2: Base on Balls | Batting: RHB Scotty Sherman | 0-0: Ball 1-0: Foul Ball, location: 2F 1-1: Ball 2-1: Foul Ball, location: 2F 2-2: Ball 3-2: Strikes out swinging | Bottom of the 5th over - 0 runs, 0 hits, 0 errors, 1 left on base; Florida 3 - North Carolina 6 | TOP OF THE 6TH |
---|
Florida Gators batting - Pitching for North Carolina Tar Heels : RHP Ryan Younger | Batting: LHB Juan Salas | 0-0: Swinging Strike 0-1: Swinging Strike 0-2: Strikes out swinging | Batting: RHB Ryan Huber | 0-0: Ball 1-0: Fly out, F8 (Flyball, 8RM) | Batting: RHB Tom Robinson | 0-0: Ball 1-0: Swinging Strike 1-1: Called Strike 1-2: Ball 2-2: Strikes out swinging | Top of the 6th over - 0 runs, 0 hits, 0 errors, 0 left on base; Florida 3 - North Carolina 6 | BOTTOM OF THE 6TH |
---|
North Carolina Tar Heels batting - Pitching for Florida Gators : RHP Mike Walker | Batting: LHB Marvin Jones | 0-0: Ball 1-0: Foul Ball, location: 2F 1-1: Foul Ball, location: 2F 1-2: Ball 2-2: Ball 3-2: Fly out, F7 (Flyball, 78D) | Batting: LHB Timothy Pierce | 0-0: Called Strike 0-1: Ball 1-1: Ball 2-1: Foul Ball, location: 2F 2-2: Strikes out swinging | Batting: LHB Stanley Woods | 0-0: Ground out U3 (Groundball, 34) | Bottom of the 6th over - 0 runs, 0 hits, 0 errors, 0 left on base; Florida 3 - North Carolina 6 | TOP OF THE 7TH |
---|
Florida Gators batting - Pitching for North Carolina Tar Heels : RHP Ryan Younger | Batting: LHB Chad Aguilar | 0-0: Ball 1-0: Called Strike 1-1: Foul Ball, location: 2F 1-2: Ball 2-2: Foul Ball, location: 2F 2-2: Ball 3-2: Foul Ball, location: 2F 3-2: Foul Ball, location: 2F 3-2: Base on Balls | Pitching: LHP Dan Womack | | Batting: LHB Daniel Brennan | 0-0: Ball 1-0: Ball 2-0: Ball 3-0: Called Strike 3-1: SINGLE (Line Drive, 8RS) Chad Aguilar to second | Pitching: RHP Brad Miron | | Batting: RHB Fred Byrd | 0-0: Ball 1-0: Grounds into double play, 6-4-3 (Groundball, 6) Chad Aguilar to third | Batting: LHB Eddie Winters | 0-0: Ball 1-0: DOUBLE (Line Drive, 9LS) Chad Aguilar scores | Batting: RHB Miguel Jaramillo | 0-0: Called Strike 0-1: Ball 1-1: Foul Ball, location: 2F 1-2: Foul Ball, location: 2F 1-2: Ball 2-2: Foul Ball, location: 2F 2-2: Strikes out swinging | Top of the 7th over - 1 run, 2 hits, 0 errors, 1 left on base; Florida 4 - North Carolina 6 | BOTTOM OF THE 7TH |
---|
North Carolina Tar Heels batting - Pitching for Florida Gators : RHP Mike Walker | Batting: RHB Howard Brown | 0-0: Ball 1-0: Ball 2-0: Ground out 6-3 (Groundball, 6) | Batting: LHB Alfonso Sánchez | 0-0: Swinging Strike 0-1: Foul Ball, location: 2F 0-2: Ball 1-2: Foul Ball, location: 2F 1-2: Ball 2-2: Foul Ball, location: 2F 2-2: Ball 3-2: Base on Balls | Batting: RHB Shane Hunter | 0-0: Called Strike 0-1: Ball 1-1: Ball 2-1: Swinging Strike 2-2: Ball 3-2: Foul Ball, location: 2F 3-2: Fielders Choice at 2nd, 1-4 (Groundball, 15) | Pitching: RHP Joseph Saunders | | Batting: RHB James Shane | 0-0: Ball 1-0: Foul Ball, location: 2F 1-1: Called Strike 1-2: Fly out, F3 (Popup, 3SF) | Bottom of the 7th over - 0 runs, 0 hits, 0 errors, 1 left on base; Florida 4 - North Carolina 6 | TOP OF THE 8TH |
---|
Florida Gators batting - Pitching for North Carolina Tar Heels : RHP Brad Miron | Batting: RHB Dwayne Dickey | 0-0: Ball 1-0: Called Strike 1-1: Called Strike 1-2: Ball 2-2: Foul Ball, location: 2F 2-2: Ground out 6-3 (Groundball, 6) | Batting: LHB Juan Salas | 0-0: Ball 1-0: Swinging Strike 1-1: Swinging Strike 1-2: Ball 2-2: Foul Ball, location: 2F 2-2: Strikes out swinging | Batting: RHB Ryan Huber | 0-0: Ball 1-0: Ball 2-0: Foul Ball, location: 2F 2-1: Ball 3-1: Base on Balls | Batting: RHB Tom Robinson | 0-0: Ball 1-0: Swinging Strike 1-1: Ball 2-1: Ball Wild Pitch! Ryan Huber to second 3-1: Called Strike 3-2: Strikes out swinging | Top of the 8th over - 0 runs, 0 hits, 0 errors, 1 left on base; Florida 4 - North Carolina 6 | BOTTOM OF THE 8TH |
---|
North Carolina Tar Heels batting - Pitching for Florida Gators : RHP Joseph Saunders | Batting: RHB Marvin Montgomery | 0-0: Ball 1-0: Ball 2-0: Called Strike 2-1: Fly out, F9 (Line Drive, 9) | Batting: RHB Scotty Sherman | 0-0: Ball 1-0: Ball 2-0: Called Strike 2-1: SINGLE (Groundball, 56D) | Batting: LHB Marvin Jones | 0-0: Ball 1-0: Swinging Strike Scotty Sherman steals 2nd base 1-1: Ball 2-1: Foul Ball, location: 2F 2-2: Ball 3-2: Strikes out swinging | Batting: LHB Timothy Pierce | 0-0: Foul Ball, location: 2F 0-1: Ground out U3 (Groundball, 3) | Bottom of the 8th over - 0 runs, 1 hit, 0 errors, 1 left on base; Florida 4 - North Carolina 6 | TOP OF THE 9TH |
---|
Florida Gators batting - Pitching for North Carolina Tar Heels : RHP Brad Miron | Pitching: RHP Júlio Martínez | | Batting: LHB Chad Aguilar | 0-0: Ball 1-0: Foul Ball, location: 2F 1-1: Foul Ball, location: 2F 1-2: Strikes out swinging | Batting: LHB Daniel Brennan | 0-0: Ball 1-0: Ball 2-0: Called Strike 2-1: Ball 3-1: Base on Balls | Pinch Hitting: RHB Shayne Garneau | 0-0: Called Strike 0-1: Called Strike 0-2: Foul Ball, location: 2F 0-2: Strikes out swinging | Pinch Hitting: RHB Luis Noriega | 0-0: Swinging Strike 0-1: Called Strike 0-2: Ball 1-2: Ball 2-2: Strikes out swinging | Top of the 9th over - 0 runs, 0 hits, 0 errors, 1 left on base; Florida 4 - North Carolina 6 | |